 Dungeon Crawl Stone Soup version 0.24.1 (webtiles) character file.

Game seed: 14894688659133822691, levelgen mode: deterministic

17 lepoulpe303 the Sneak (level 2, -12/13 HPs)
             Began as a Spriggan Enchanter on Mar 26, 2020.
             Killed by divine providence
             ... invoked by an orc priest
              (13 damage)
             ... on level 2 of the Dungeon.
             The game lasted 00:02:41 (1215 turns).

lepoulpe303 the Sneak (Spriggan Enchanter)          Turns: 1215, Time: 00:02:42

Health: -12/13     AC:  2    Str:  4    XL:     2   Next: 44%
Magic:  6/6        EV: 18    Int: 16    God:
Gold:   53         SH:  0    Dex: 16    Spells: 3/6 levels left

rFire    . . .     SeeInvis +   a - +1 dagger
rCold    . . .     Gourm    .   (shield restricted)
rNeg     . . .     Faith    .   f - +0 robe {MR+} {MR+}
rPois    .         Spirit   .   (helmet restricted)
rElec    .         Reflect  .   (no cloak)
rCorr    .         Harm     .   (gloves unavailable)
MR       +....                  (boots unavailable)
Stlth    +++.......             (no amulet)
HPRegen  0.04/turn              (no ring)
MPRegen  0.10/turn              (no ring)

@: very quick
A: very small, unfitting armour, see invisible, herbivore, speed 3, slow
metabolism 2
a: no special abilities


You were on level 2 of the Dungeon.
You were not hungry.

You visited 1 branch of the dungeon, and saw 2 of its levels.

You collected 53 gold pieces.

Inventory:

Hand Weapons
 a - a +1 dagger (weapon)
Armour
 f - a +0 robe of magic resistance (worn) {MR+}
Scrolls
 b - a scroll of immolation {unknown}
 i - a scroll of teleportation {unknown}
Potions
 c - a potion of flight {unknown}
 d - a potion of brilliance {unknown}
 g - 2 potions of haste {unknown}
 h - a potion of degeneration {unknown}
 j - a potion of ambrosia {unknown}
Comestibles
 e - 4 rations


   Skills:
 + Level 2.1 Short Blades
 - Level 3.0 Dodging
 + Level 5.2 Stealth
 - Level 2.6 Spellcasting
 - Level 3.6 Hexes


You had 3 spell levels left.
You knew the following spells:

 Your Spells              Type           Power        Failure   Level  Hunger
a - Ensorcelled Hibernat  Hex/Ice        #.....       14%         2    ##.....
v - Corona                Hex            ##.....      4%          1    #......

Your spell library contained the following spells:

 Spells                   Type           Power        Failure   Level  Hunger
 Confuse                  Hex            ##......     13%         3    ###....
 Tukima's Dance           Hex            ##......     13%         3    ###....
 Dazzling Spray           Conj/Hex       #.....       28%         3    ###....


Dungeon Overview and Level Annotations

Branches:
Dungeon (2/15)

Altars:


Innate Abilities, Weirdness & Mutations

You are very small and have problems with some larger weapons.
You are too small for most types of armour.
You have supernaturally acute eyesight. (SInv)
You are a herbivore.
You cover ground extremely quickly.
You need to consume almost no food.


Message History

Throwing (i - inventory)
k - 2 atropa-tipped darts (quivered)
Aim: an orc priest (chance to blind on hit: 87%)
You throw an atropa-tipped dart.
The atropa-tipped dart barely misses the orc priest.
The orc priest invokes the aid of Beogh against you.
Pain shoots through your body!
Ouch! That really hurt!
* * * LOW HITPOINT WARNING * * *
You take 12 damage, and have 1/13 hp.
MASSIVE DAMAGE!!
Throwing (i - inventory)
k - an atropa-tipped dart (quivered)
Aim: an orc priest (chance to blind on hit: 86%)
You throw an atropa-tipped dart.
The atropa-tipped dart hits the orc priest.
The orc priest appears confused.
The orc priest misses the orc wizard.
The orc priest seems less confused.
The orc priest calls down the wrath of Beogh upon you.
Beogh smites you!
Ouch! That really hurt!
You die...

### .(#
#o# #o#
#.# #.#
##### #.#
#...####@#
#<..†....#
#...######
##.## #.#
#.# ..#
###


You could see an orc priest (blind) and an orc wizard.

Levels and vault maps discovered:
D:1:      ebering_trefoil_twist, layout_loops_ring
D:2:      layout_loops_ring

Notes
Turn   | Place    | Note
-------+----------+-------------------------------------------
     0 | D:1      | lepoulpe303 the Spriggan Enchanter began the quest for the
                  | Orb.
     0 | D:1      | Reached XP level 1. HP: 9/9 MP: 5/5
   161 | D:1      | Identified a +0 robe of magic resistance (You found it on
                  | level 1 of the Dungeon)
   226 | D:1      | Identified a +0 dagger
   474 | D:1      | Reached XP level 2. HP: 13/13 MP: 6/6
   478 | D:1      | Learned a level 2 spell: Ensorcelled Hibernation
   515 | D:1      | Reached skill level 5 in Stealth
   832 | D:1      | Reached skill level 2 in Short Blades
  1211 | D:2      | Identified a +1 dagger of venom
  1211 | D:2      | Identified a +0 robe
  1212 | D:2      | HP: 1/13 [orc priest/nerve-wracking pain (12)]
  1215 | D:2      | Killed from afar by an orc priest

Table legend:
 A = Turns spent in this place as a percentage of turns spent in the entire game.
 B = Non-inter-level travel turns spent in this place as a percentage of non-inter-level travel turns spent in the entire game.
 C = Inter-level travel turns spent in this place as a percentage of turns spent in this place.
 D = Turns resting spent in this place as a percentage of non-inter-level travel turns spent in this place.
 E = Turns spent auto-exploring this place as a percentage of non-inter-level travel turns spent in this place.
 F = Non-inter-level travel turns spent in this place divided by the number of levels of this place that you've seen.
                   A       B       C       D       E      F
               +-------+-------+-------+-------+-------+----------------------
         Total | 100.0 | 100.0 |   2.9 |  39.1 |  44.2 | 590.0
       Dungeon | 100.0 | 100.0 |   2.9 |  39.1 |  44.2 | 590.0
               +-------+-------+-------+-------+-------+----------------------

Table legend:
 A = Kills in this place as a percentage of kills in entire the game.
 B = Kills by you in this place as a percentage of kills by you in the entire game.
 C = Kills by friends in this place as a percentage of kills by friends in the entire game.
 D = Other kills in this place as a percentage of other kills in the entire game.
 E = Experience gained in this place as a percentage of experience gained in the entire game.
 F = Experience gained in this place divided by the number of levels of this place that you have seen.
                   A       B       C       D       E      F
               +-------+-------+-------+-------+-------+----------------------
         Total | 100.0 | 100.0 |   N/A |   N/A | 100.0 |  12.5
       Dungeon | 100.0 | 100.0 |   N/A |   N/A | 100.0 |  12.5
               +-------+-------+-------+-------+-------+----------------------

Skill      XL: |  1  2 |
---------------+-------+-----
Stealth        | 5 |  5.2
Short Blades   | 2 |  2.1
Dodging        | |  3.0
Spellcasting   | |  2.6
Hexes          | |  3.6

Action                   || total
-------------------------++-------
Melee: Dagger            ||    52
Throw: Dart              ||     2
 Stab: Sleeping          ||     9
Armor: Robe              ||     3
Dodge: Dodged            ||    29

Vanquished Creatures
  A dart slug (D:1)
  6 bats (D:1)
  A goblin (D:1)
  4 kobolds
  3 rats (D:1)
15 creatures vanquished.
